 Dungeon Crawl Stone Soup version 0.21-a0-225-g207ae17 (webtiles) character file.

280 Moloch the Poker (level 6, -1/48 HPs)
             Began as a Mummy Fighter on Aug 29, 2017.
             Killed from afar by an orc wizard (5 damage)
             ... with a puff of flame
             ... on level 4 of the Dungeon.
             The game lasted 00:05:35 (3343 turns).

Moloch the Poker (Mummy Fighter)                    Turns: 3343, Time: 00:05:36

Health: -1/48      AC: 11    Str: 19    XL:     6   Next: 5%
Magic:  6/6        EV:  4    Int:  8    God:
Gold:   161        SH:  9    Dex: 13    Spells: 5/5 levels left

rFire    . . .     SeeInvis .   a - +0 trident
rCold    + . .     Gourm    .   c - +0 shield
rNeg     + + +     Faith    .   p - +0 chain mail
rPois    ∞         Spirit   .   j - +0 helmet
rElec    .         Reflect  .   k - +0 cloak
rCorr    .         Harm     .   (no gloves)
MR       .....                  (no boots)
Stlth    ..........             (no amulet)
HPRegen  0.16/turn              f - ring of protection from fire
MPRegen  0.10/turn              (no ring)

@: no status effects
A: no food or potions, fire vulnerability, cold resistance 1, negative energy
resistance 3, torment resistance, unbreathing
a: no special abilities


You were on level 4 of the Dungeon.
You were not hungry.

You visited 1 branch of the dungeon, and saw 4 of its levels.

You collected 161 gold pieces.

Inventory:

Hand Weapons
 a - a +0 trident (weapon)
Armour
 c - a +0 shield (worn)
 i - a scarf of cloud immunity
 j - a +0 helmet (worn)
 k - a +0 cloak (worn)
 p - a +0 chain mail (worn)
Jewellery
 b - an uncursed ring of ice
 f - a ring of protection from fire (left hand)
Scrolls
 d - 2 scrolls of remove curse {unknown}
 e - a scroll of fear {unknown}
 g - 2 scrolls of identify {unknown}
 h - a scroll of teleportation {unknown}
 l - a scroll of fog {unknown}
 m - a scroll of random uselessness {unknown}
 o - a scroll of enchant weapon {unknown}
 q - a scroll of blinking {unknown}
Books
 n - Vehumet's Guide on Confrontation
   (You found it on level 3 of the Dungeon)

   Spells                             Type                      Level
   a - Magic Dart                     Conjuration                  1


   Skills:
 + Level 4.1 Fighting
 + Level 4.7 Polearms
 - Level 2.4 Armour
 - Level 2.4 Shields


You had 5 spell levels left.
You didn't know any spells.

Dungeon Overview and Level Annotations

Branches:
Dungeon (4/15)
 Temple: D:4-7

Altars:
Kikubaaqudgha
Nemelex Xobeh
Sif Muna
Vehumet
Yredelemnul


Innate Abilities, Weirdness & Mutations

You do not eat or drink.
Your flesh is vulnerable to fire.
You are immune to poison.
Your flesh is cold resistant. (rC+)
You are immune to negative energy. (rN+++)
You are immune to unholy pain and torment.
You can survive without breathing.


Message History

* * * LOW HITPOINT WARNING * * *
Things that are here:
a dagger; a robe You hit something but do no damage.
Something hits you but does no damage. x2
You hit something but do no damage. You block something's attack.
Your shield and chain mail prevent you from hitting something.
Something hits you.
* * * LOW HITPOINT WARNING * * *
You hit something. Something hits you but does no damage.
You closely miss something. Something hits you.
* * * LOW HITPOINT WARNING * * *
You miss something.
You hear some strange, mumbled words.
A puff of flame appears from out of thin air!
The puff of flame hits you!
* * * LOW HITPOINT WARNING * * *
You hear some strange, mumbled words.
A puff of flame appears from out of thin air!
The puff of flame hits you!
You die...

.....#.#.# #
#####.#.#.#
#.#...# #.#####
###### #..).#
#{#######+########
#@##........#.....
#.#.........#.....
#.#.........#.....
#...........#.....
####........#.....
######.........
#......###
#......#
#......###


There were no monsters in sight!

Vanquished Creatures
  2 orc priests (D:4)
  Crazy Yiuf (D:2)
  A worker ant (D:4)
  A hound skeleton (D:4)
  Robin (D:3)
  3 adders
  An adder skeleton (D:4)
  3 worms (D:2)
  2 dart slugs
  4 leopard geckos
  4 orcs (D:4)
  6 giant cockroaches
  12 goblins
  11 hobgoblins
  4 jackals (D:3)
  A quokka (D:3)
  9 bats
  4 frilled lizards
  11 kobolds
  7 rats
  A spectral orc (D:2)
89 creatures vanquished.

Vanquished Creatures (others)
  An orc wizard (D:4)
1 creature vanquished.

Grand Total: 90 creatures vanquished

Notes
Turn   | Place    | Note
-------+----------+-------------------------------------------
     0 | D:1      | Moloch the Mummy Fighter began the quest for the Orb.
     0 | D:1      | Reached XP level 1. HP: 18/18 MP: 1/1
   218 | D:1      | Reached XP level 2. HP: 24/24 MP: 2/2
   433 | D:1      | You fall through a shaft!
   441 | D:2      | Found a runed door.
  1240 | D:2      | Reached XP level 3. HP: 29/29 MP: 3/3
  1399 | D:2      | Found a basalt altar of Yredelemnul.
  2110 | D:2      | Noticed Crazy Yiuf
  2116 | D:2      | Killed Crazy Yiuf
  2116 | D:2      | Reached XP level 4. HP: 16/37 MP: 4/4
  2228 | D:3      | Found a sparkling altar of Nemelex Xobeh.
  2309 | D:3      | Found a radiant altar of Vehumet.
  2313 | D:3      | Found a deep blue altar of Sif Muna.
  2313 | D:3      | Found an ancient bone altar of Kikubaaqudgha.
  2318 | D:3      | Identified Vehumet's Guide on Confrontation
  2522 | D:3      | Noticed Robin
  2553 | D:3      | Reached XP level 5. HP: 33/42 MP: 5/5
  2561 | D:3      | Killed Robin
  3323 | D:4      | Reached XP level 6. HP: 26/48 MP: 6/6
  3343 | D:4      | Killed from afar by an orc wizard

Vault maps used:
D:1:      sevenhm_arrival_forest_fort_small_3, minmay_pentomino_o2
D:2:      yredelemnul_forgotten_temple_becter, first_bread,
          uniq_crazy_yiuf_cottage
D:3:      grunt_temple_overflow_magic_moments,
          nemelex_xobeh_ov_fountains_minmay, serial_park_tiny_pond,
          st_stairs_14, uniq_robin

Skill      XL: |  1  2  3  4  5 |
---------------+----------------+-----
Polearms       | 2 3 4 |  4.7
Fighting       | 4 |  4.1
Armour         | |  2.4
Shields        | |  2.4

Action                   |  1- 3 |  4- 6 || total
-------------------------+-------+-------++-------
Melee: Trident           |   139 |   211 ||   350
Armor: Scale mail        |    35 |    99 ||   134
       Chain mail        |       |    27 ||    27
Dodge: Dodged            |    29 |    46 ||    75
Block: Shield            |    39 |   100 ||   139

Table legend:
 A = Spawn XP
 B = Non-spawn XP
 C = Spawn XP percentage of total XP
 D = Spawn monster count
 E = Non-spawn monster count
 F = Spawn count percentage of total count
 G = Total turns spent on level
                    A         B        C        D         E        F      G
               +---------+---------+-------+---------+---------+-------+---------
         Total |      39 |     361 |   9.8 |      13 |      77 |  14.4 |  3343
               +---------+---------+-------+---------+---------+-------+---------
           D:1 |       2 |      24 |   7.7 |       1 |      17 |   5.6 |   851
           D:2 |      28 |      71 |  28.3 |       6 |      16 |  27.3 |  1363
           D:3 |       9 |      95 |   8.7 |       6 |      30 |  16.7 |   593
           D:4 |       0 |     171 |   0.0 |       0 |      14 |   0.0 |   536
               +---------+---------+-------+---------+---------+-------+---------
